 Dungeon Crawl Stone Soup version 0.29.1-1-gd02db6906a (webtiles) character file.

Game seed: 10294075925457798724

5410 avis the Skirmisher (level 10, -1/81 HPs)
             Began as a Demigod Ice Elementalist on Oct 23, 2022.
             Killed from afar by an oklob plant (42 damage)
             ... with a splash of acid
             ... on level 7 of the Dungeon.
             The game lasted 01:16:46 (12887 turns).

avis the Skirmisher (Demigod Ice Elementalist)     Turns: 12887, Time: 01:16:47

Health: -1/81      AC: 21    Str:  9    XL:     10   Next: 17%
Magic:  14/17      EV: 13    Int: 17    God:
Gold:   284        SH:  0    Dex: 26    Spells: 8/15 levels left

rFire   . . .      SeeInvis .   b - +0 shortbow
rCold   . . .      Faith    .   (shield currently unavailable)
rNeg    . . .      Spirit   .   L - +9 ring mail of the Inviting Gods {Harm}
rPois   .          Reflect  .   x - +0 helmet
rElec   .          Harm     +   I - +0 cloak
rCorr   .          Rampage  .   (no gloves)
Will    +....                   (no boots)
Stlth   ++........              (no amulet)
HPRegen 0.23/turn               y - ring of wizardry
MPRegen 0.15/turn               (no ring)

@: ice-armoured, very slow
A: high MP 1, forlorn, divine attributes
a: no special abilities


You were on level 7 of the Dungeon.
You visited 2 branches of the dungeon, and saw 8 of its levels.
You also visited: Bailey.

You collected 574 gold pieces.
You spent 290 gold pieces at shops.

Inventory:

Hand Weapons
 a - a +0 short sword of electrocution
 b - a +0 shortbow (weapon)
 w - a +4 flail of protection
 Q - the +9 broad axe of Ataanipo {holy, rC+ Str+6}
   (You took it off a gnoll sergeant in a bailey)

   It has been blessed by the Shining One to cause great damage to the undead
   and demons.
   Str:       It affects your strength (+6).
   rC:        It protects you from cold.
 R - a +0 dire flail of protection
 S - a +3 halberd
 U - a +0 hand axe of flaming
Missiles
 e - 5 poisoned darts
 B - 5 javelins
 O - 5 throwing nets
Armour
 x - a +0 helmet (worn)
 I - a +0 cloak (worn)
 L - the +9 ring mail of the Inviting Gods (worn) {Harm}
   (You found it on level 6 of the Dungeon)

   Harm:      It increases damage dealt and taken.
 M - a +1 animal skin
 N - a +3 chain mail of cold resistance
 T - a +4 scale mail
Jewellery
 m - a ring of fire
 y - a ring of wizardry (left hand)
Wands
 p - a wand of paralysis (7)
 u - a wand of polymorph (8)
 v - a wand of flame (11)
 A - a wand of mindburst (13)
 D - a wand of roots (12)
 E - a wand of acid (16)
Scrolls
 c - 2 scrolls of magic mapping {unknown}
 h - 6 scrolls of teleportation
 n - 4 scrolls of blinking {unknown}
 o - a scroll of vulnerability
 q - a scroll of amnesia
 t - a scroll of brand weapon {unknown}
 C - a scroll of enchant armour
 F - 2 scrolls of enchant weapon
 G - 3 scrolls of fear
 H - 2 scrolls of noise
 J - a scroll of poison {unknown}
 P - a scroll of fog {unknown}
Potions
 d - 4 potions of haste
 f - a potion of brilliance
 g - 3 potions of degeneration
 i - a potion of heal wounds
 j - 2 potions of lignification
 k - 5 potions of curing
 l - a potion of invisibility
 r - a potion of magic
 s - a potion of cancellation
 z - 2 potions of ambrosia
 K - a potion of flight


   Skills:
 * Level 5.2 Fighting
 - Level 8.0 Ranged Weapons
 - Level 5.0 Armour
 - Level 5.0 Dodging
 - Level 5.0 Stealth
 - Level 3.0 Spellcasting
 - Level 7.0 Ice Magic


You had 8 spell levels left.
You knew the following spells:

 Your Spells              Type           Power      Damage    Failure   Level
a - Freeze                Ice            100%       1d11      1%          1
o - Ozocubu's Armour      Ice            26%        N/A       3%          3
r - Frozen Ramparts       Ice            52%        1d8       3%          3

Your spell library contained the following spells:

 Spells                   Type           Power      Damage    Failure   Level
 Beastly Appendage        Tmut           4%         N/A       17%         1
 Magic Dart               Conj           8%         1d3       17%         1
 Sting                    Tmut/Pois      8%         1d3       17%         1
 Poisonous Vapours        Pois/Air       4%         N/A       26%         2
 Searing Ray              Conj           4%         2d4       26%         2
 Wereblood                Tmut           2%         N/A       26%         2
 Hailstorm                Conj/Ice       14%        3d5       38%         4
 Ignite Poison            Fire/Tmut/Pois 2%         N/A       45%         3
 Inner Flame              Hex/Fire       2%         N/A       45%         3
 Mephitic Cloud           Conj/Pois/Air  2%         N/A       45%         3
 Spider Form              Tmut/Pois      2%         N/A       45%         3
 Cause Fear               Hex            1%         N/A       83%         4
 Fulminant Prism          Conj/Hex       1%         3d6       83%         4
 Iskenderun's Mystic Bla  Conj/Tloc      2%         2d3       83%         4
 Olgreb's Toxic Radiance  Pois           2%         N/A       83%         4
 Freezing Cloud           Conj/Ice/Air   5%         6-21      86%         5
 Lee's Rapid Deconstruct  Erth           1%         3d5*      99%         5
 Discord                  Hex            1%         N/A       100%        8


Dungeon Overview and Level Annotations

Branches:
Dungeon (7/15)             Temple (1/1) D:5          Bailey (visited)

Shops:
D:2 *   D:5 !?

Annotations:
D:7 exclusion: oklob plant


Innate Abilities, Weirdness & Mutations

You have an increased reservoir of magic. (+10% MP)
You shall have no god before yourself.
Your divine heritage dramatically boosts your attributes as you level up.


Message History

Aim: an oklob plant (98% to hit)
You shoot an arrow. The arrow hits the oklob plant!
The oklob plant is moderately damaged.
Unknown command.
Casting: Frozen Ramparts (mildly dangerous; 3% risk of failure)
Confirm with . or Enter, or press ? or * to list all spells.
A film of ice covers your body!
Fire: b) +0 shortbow
Press: ? - help, Q - select action, (/) - cycle Shift-Dir - straight line, f/p - oklob plant
Aim: an oklob plant (moderately damaged, 98% to hit)
You shoot an arrow.
The arrow hits the oklob plant but does no damage.
The oklob plant is moderately damaged.
The oklob plant spits acid at you. The splash of acid hits you!
Unknown command.
Fire: b) +0 shortbow
Press: ? - help, Q - select action, (/) - cycle Shift-Dir - straight line, f/p - oklob plant
Aim: an oklob plant (moderately damaged, 98% to hit)
You shoot an arrow. The arrow hits the oklob plant!
The oklob plant is moderately damaged.
The oklob plant spits acid at you. The splash of acid hits you!
Fire: b) +0 shortbow
Press: ? - help, Q - select action, (/) - cycle Shift-Dir - straight line, f/p - oklob plant
Aim: an oklob plant (moderately damaged, 98% to hit)
You shoot an arrow.
The arrow hits the oklob plant but does no damage.
The oklob plant is moderately damaged.
The oklob plant spits acid at you. The splash of acid hits you!
Fire: b) +0 shortbow
Press: ? - help, Q - select action, (/) - cycle Shift-Dir - straight line, f/p - oklob plant
Aim: an oklob plant (moderately damaged, 98% to hit)
You shoot an arrow. The arrow hits the oklob plant.
The oklob plant is heavily damaged.
The oklob plant spits acid at you. The splash of acid hits you!!
Ouch! That really hurt!
You die...

##.##PPPPPP.......#PP#P.P#
##.##P#PPPP..~~~≈~..PPPP.P######
..###.PPPP..~~≈≈≈~~..#P.PP#....#
##.##..#P..≈≈≈≈≈≈≈≈~...P.P####.#
#..# #PP.~≈≈~~~~≈≈≈~.PP.P# #.#
##.# #P#.~≈≈~...≈≈≈~.PPP#####.##
#.#P#P..≈≈≈~._.~≈≈~.#P.P#......
#.#PPPP.~≈~~...~≈≈~.P#P########
#.#PP.#.~≈≈≈~.@≈≈≈~.P#PP#
#.#.#P#..~~≈~.~≈≈~...#.P#
#.#PPP.P..~≈~.~~~...PPPP#
#.#P.PPPP..~~.~~...#PP#P
#.#PPPP.PP.......P.PPP#


#.##PPP.PPPPP#PPPPP.#.. ####### #.#P#PP#PP.PPP##.P....PP#......
###.#P..P##PP##P.PPPP#.P#P####### ..#.#P#P..PPP# PPP#..PP You could see an oklob
plant.

Vanquished Creatures
  Pikel (D:4)
  A shadow (D:6)
  3 yaks (D:7)
  Edmund (D:4)
  A water moccasin (D:5)
  4 ice beasts
  2 sky beasts
  2 ogres
  An orc warrior (D:7)
  4 wolves (Bailey)
  3 phantoms
  4 centaurs
  4 bullfrogs
  8 gnoll sergeants (Bailey)
  2 scorpions
  A necrophage (D:5)
  A howler monkey (D:5)
  6 jellies
  3 orc priests
  6 gnoll boudas (Bailey)
  7 hounds
  5 iguanas
  Jessica (D:3)
  Ijyb (D:4)
  6 orc wizards
  A hound zombie (D:3)
  Robin (D:2)
  26 gnolls
  9 adders
  2 shadow imps
  2 white imps (D:6)
  4 worms
  4 dart slugs
  26 orcs
  11 ball pythons
  4 bats
  6 endoplasms
  2 giant cockroaches (D:2)
  14 goblins
  7 hobgoblins
  12 jackals
  4 quokkas
  3 frilled lizards
  A giant cockroach zombie (D:3)
  8 kobolds
  A quokka zombie (D:3)
  8 rats
234 creatures vanquished.

Vanquished Creatures (others)
  5 plants
5 creatures vanquished.

Grand Total: 239 creatures vanquished

Notes
Turn   | Place    | Note
-------+----------+-------------------------------------------
     0 | D:1      | avis the Demigod Ice Elementalist began the quest for the
                  | Orb.
     0 | D:1      | Reached XP level 1. HP: 14/14 MP: 5/5
    32 | D:1      | Reached skill level 1 in Fighting
   220 | D:1      | Reached XP level 2. HP: 23/23 MP: 5/7
  1022 | D:1      | Reached XP level 3. HP: 25/28 MP: 5/9
  1075 | D:1      | Learned a level 3 spell: Ozocubu's Armour
  1079 | D:1      | Learned a level 3 spell: Frozen Ramparts
  1166 | D:2      | Found Nopsemp's General Store.
  1458 | D:2      | Reached XP level 4. HP: 11/36 MP: 5/11
  2708 | D:2      | Reached XP level 5. HP: 31/45 MP: 5/12
  3070 | D:3      | Noticed Robin
  3328 | D:2      | Killed Robin
  3515 | D:3      | Reached skill level 5 in Ice Magic
  3876 | D:3      | Reached XP level 6. HP: 41/51 MP: 11/13
  4000 | D:3      | Noticed Jessica
  4013 | D:3      | Killed Jessica
  5040 | D:4      | Noticed Ijyb
  5055 | D:4      | Killed Ijyb
  5422 | D:4      | Reached XP level 7. HP: 49/57 MP: 6/14
  5760 | D:4      | Noticed Pikel
  5770 | D:4      | Killed Pikel
  5771 | D:4      | Reached skill level 2 in Ranged Weapons
  5771 | D:4      | Reached XP level 8. HP: 57/66 MP: 9/15
  5773 | D:4      | Noticed Edmund
  5813 | D:4      | Killed Edmund
  6401 | D:5      | Entered Level 5 of the Dungeon
  6618 | D:5      | Reached skill level 5 in Fighting
  6864 | D:5      | Found Ytzuuges's Magic Scroll Shoppe.
  6937 | D:5      | Bought 2 scrolls of identify for 44 gold pieces
  6937 | D:5      | Bought a scroll of identify for 22 gold pieces
  6937 | D:5      | Bought a scroll of amnesia for 44 gold pieces
  6937 | D:5      | Bought a scroll of fear for 44 gold pieces
  6937 | D:5      | Bought a scroll of immolation for 44 gold pieces
  6937 | D:5      | Bought a scroll of vulnerability for 44 gold pieces
  7152 | D:5      | Found a staircase to the Ecumenical Temple.
  7161 | Temple   | Entered the Ecumenical Temple
  7362 | D:5      | Reached skill level 5 in Dodging
  7548 | D:5      | Found Zitiddoe's Distillery.
  7599 | D:5      | Bought a potion of degeneration for 12 gold pieces
  7599 | D:5      | Bought a potion of lignification for 36 gold pieces
  8146 | D:5      | Reached skill level 3 in Ranged Weapons
  8312 | D:6      | Reached skill level 4 in Ranged Weapons
  8323 | D:6      | Reached XP level 9. HP: 47/74 MP: 6/16
  8426 | D:6      | Reached skill level 5 in Armour
  8897 | D:6      | Reached skill level 5 in Ranged Weapons
  9206 | D:6      | Identified the +9 ring mail of the Inviting Gods {Harm}
  9458 | D:6      | Reached skill level 6 in Ranged Weapons
 10159 | D:7      | Found a flagged portal.
 10166 | Bailey   | Entered a bailey
 10846 | Bailey   | Reached skill level 5 in Stealth
 11407 | Bailey   | Identified the +9 broad axe of Ataanipo {holy, rC+ Str+6}
 11643 | Bailey   | Reached skill level 7 in Ranged Weapons
 11801 | Bailey   | Reached XP level 10. HP: 81/81 MP: 14/17
 12194 | D:7      | Reached skill level 8 in Ranged Weapons
 12435 | D:7      | Found Zin's Purification Station.
 12839 | D:7      | Noticed an oklob plant
 12887 | D:7      | Killed from afar by an oklob plant

Illustrated notes

Levels and vault maps discovered:
D:1:      sevenhm_arrival_forest_fort_small_3, layout_basic,
          nicolae_ecumenical_snake_handling, amcnicky_mini_rare_corridor_liquid,
          st_stairs_12
D:2:      layout_basic, basic_altar, serial_shops, nicolae_diamond_shop,
          minmay_misc_feat_columns, dreamdust_wishing_well, minmay_diced_spiral
D:3:      layout_rooms, nemelex_spade_bored_becter,
          nicolae_yredelemnul_corpse_copse, serial_bayou_lagoon_b, uniq_robin,
          uniq_jessica
D:4:      layout_basic, nicolae_tso_carved_into_rock, uniq_pikel, uniq_ijyb,
          uniq_edmund
D:5:      layout_loops_cross, lemuel_round_altar, evilmike_ruin_ashenzari,
          minmay_temple_entry_glassed_door, serial_shops, nicolae_square_shop,
          nicolae_shop_statue_plus, kennysheep_nondescript
D:6:      hangedman_cross_stitches, layout_gridville, kennysheep_generic_room_16
D:7:      layout_loops_ring, zin_purify, tgw_fedhas, kennysheep_mini_moat,
          overflow_temple_1_default, enter_bailey_3
Temple:   hellmonk_temple_of_storms

Skill      XL: |  1  2  3  4  5  6  7  8  9 10 |
---------------+-------------------------------+-----
Fighting       | 1 2 3 4 5 |  5.2
Ice Magic      | 4 5 6 7 |  7.0
Spellcasting   | 2 3 |  3.0
Dodging        | 2 3 5 |  5.0
Stealth        | 2 3 5 |  5.0
Ranged Weapons | 2 4 7 8 |  8.0
Armour         | 2 3 5 |  5.0

Action                   |  1- 3 |  4- 6 |  7- 9 | 10-12 || total
-------------------------+-------+-------+-------+-------++-------
Melee: Short sword       |    14 |   115 |   116 |       ||   245
       Whip              |       |    12 |       |       ||    12
       Flail             |       |       |    78 |       ||    78
       Punch             |       |       |     6 |       ||     6
 Fire: Sling             |     6 |       |       |       ||     6
       Shortbow          |       |       |   227 |    74 ||   301
 Cast: Freeze            |    49 |    32 |     1 |       ||    82
       Frozen Ramparts   |       |    33 |    46 |     7 ||    86
       Ozocubu's Armour  |       |    25 |    56 |     8 ||    89
  Use: Potion            |       |     1 |     6 |       ||     7
       Scroll            |       |     3 |     6 |     1 ||    10
 Stab: Distracted        |     1 |     1 |       |       ||     2
       Sleeping          |     2 |     8 |     6 |       ||    16
Armor: Robe              |     5 |    14 |       |       ||    19
       Animal skin       |       |    25 |   105 |       ||   130
       Ring mail         |       |       |    90 |    12 ||   102
Dodge: Dodged            |    29 |    98 |   318 |    18 ||   463
